 Dungeon Crawl Stone Soup version 0.20-a0-270-g8e735b6 (webtiles) character file.

7895 reganant000 the Cleaver (level 11, -1/97 HPs)
             Began as a Minotaur Gladiator on Dec 10, 2016.
             Was a High Priest of Okawaru.
             Slain by Faca's ghost (16 damage)
             ... on level 11 of the Dungeon.
             The game lasted 00:45:12 (7316 turns).

reganant000 the Cleaver (Minotaur Gladiator)        Turns: 7316, Time: 00:45:13

Health: -1/97      AC: 18    Str: 24    XL:     11   Next: 2%
Magic:  19/19      EV: 17    Int:  5    God:    Okawaru [*****.]
Gold:   391        SH:  0    Dex: 10    Spells: 10/10 levels left

rFire  . . .     SeeInvis .     a - +1 war axe (venom)
rCold  . . .     Gourm    .     l - +0 scale mail
rNeg   . . .     Faith    .     (no shield)
rPois  .         Spirit   .     c - +0 hat
rElec  .         Reflect  .     i - +1 cloak
rCorr  .         Harm     .     t - +2 pair of gloves
MR     +....                    n - +0 pair of boots
Stlth  ..........               k - amulet of regeneration
                                A - ring of magical power
                                q - +3 ring of evasion

@: no status effects
A: retaliatory headbutt, horns 2, thin metallic scales 1, blurry vision 1, magic
resistance 1, shaggy fur 1, sturdy frame 1
a: Heroism, Finesse, Renounce Religion


You were on level 11 of the Dungeon.
You worshipped Okawaru.
Okawaru was extremely pleased with you.
You were not hungry.

You visited 2 branches of the dungeon, and saw 12 of its levels.

You collected 580 gold pieces.
You spent 189 gold pieces at shops.

Inventory:

Hand Weapons
 a - a +1 war axe of venom (weapon)
 J - a +0 battleaxe
Missiles
 d - 4 throwing nets (quivered)
Armour
 c - a +0 hat (worn)
 i - a +1 cloak (worn)
 l - a +0 scale mail (worn)
 n - a +0 pair of boots (worn)
 p - a +0 plate armour
 t - a +2 pair of gloves (worn)
 y - a +0 chain mail
Jewellery
 k - an amulet of regeneration (around neck)
 o - an uncursed ring of ice
 q - a +3 ring of evasion (left hand)
 A - a ring of magical power (right hand)
Wands
 u - a wand of slowing (22/48)
 z - a wand of flame (13/48)
 C - a wand of teleportation (8/9)
 E - a wand of acid (10/15)
 F - a wand of acid (9/15)
 I - a wand of paralysis (8/24)
 K - a wand of iceblast (7/15)
Scrolls
 e - a scroll of fear
 h - 2 scrolls of enchant weapon
 s - 9 scrolls of identify
 v - a scroll of amnesia
 w - a scroll of magic mapping
 x - 7 scrolls of remove curse
 D - a scroll of brand weapon
 H - a scroll of blinking
 L - a scroll of recharging
Potions
 b - 2 potions of might
 g - 2 potions of resistance
 m - a potion of agility
 G - 2 potions of brilliance
Books
 j - a book of Conjurations

   Spells                             Type                      Level
   a - Magic Dart                     Conjuration                  1
   b - Searing Ray                    Conjuration                  2
   c - Dazzling Spray                 Conjuration/Hexes            3
   d - Fulminant Prism                Conjuration/Hexes            4
   e - Iskenderun's Mystic Blast      Conjuration                  4
   f - Iskenderun's Battlesphere      Conjuration/Charms           5
Comestibles
 f - 7 bread rations
 r - 3 meat rations
 B - 3 beef jerkies


   Skills:
 * Level 9.5 Fighting
 * Level 14.1 Axes
 - Level 2.0 Throwing
 * Level 8.3 Armour
 * Level 7.6 Dodging


You had 10 spell levels left.
You didn't know any spells.

Dungeon Overview and Level Annotations

Branches:
Dungeon (11/15)            Temple (1/1) D:5            Lair (0/6) D:8
    Orc: D:9-12

Altars:
Ashenzari
Cheibriados
Dithmenos
Elyvilon
Fedhas
Gozag
Hepliaklqana
Kikubaaqudgha
Makhleb
Nemelex Xobeh
Okawaru
Qazlal
Ru
Sif Muna
Trog
Uskayaw
Vehumet
Xom
Yredelemnul
Zin
The Shining One

Shops:
D:6 ?   D:11 %

Annotations:
D:11 Faca's ghost, journeyman FoFi


Innate Abilities, Weirdness & Mutations

You reflexively headbutt those who attack you in melee.
You have a pair of horns on your head.
You are partially covered in thin metallic scales. (AC +2)
Scrolls take you a little longer to read.
You are resistant to hostile enchantments. (MR+)
You are covered in fur. (AC +1)
Your movements are slightly less encumbered by armour. (ER -2)


Message History

The wight hits you from afar with a halberd.
You slash Faca's ghost! You headbutt Faca's ghost.
Faca's ghost is almost destroyed.
You barely miss Faca's ghost.
Faca's ghost is almost destroyed.
Faca's ghost hits you! The wight misses you.
You hit Faca's ghost.
Faca's ghost is almost destroyed.
Faca's ghost hits you! The wight hits you but does no damage.
You hit Faca's ghost but do no damage.
You headbutt Faca's ghost, but do no damage.
Faca's ghost is almost destroyed.
Faca's ghost hits you!!
* * * LOW HITPOINT WARNING * * *
Unknown command.
Okay, then.
You barely miss Faca's ghost.
Faca's ghost is almost destroyed.
The wight closely misses you. Faca's ghost hits you!
You die...

.... ##.......
.>..##....#...# #.........
#.#....##.....### #....$....
#.##..###.#.....# #.........
#)).......#..##.# #.........
..)..###..#..##.# #.........
.##..###..#.###.###.........
###.........# #..#..........
##....#.### ##@W......$..#
#..#...# ###z#....##.#
##.....# #..##......#
##....# #.## ......# #....#
.. ..#.... # ###..# #..
..#..#. ## .... ..# .## .#
.### #.... ... .# # ...#
>.....


You could see a wight and Faca's ghost.

Vanquished Creatures
  The ghost of Faca the Cleaver, a novice FoFi of Trog (D:8)
  2 hill giants (D:10)
  An ugly thing (D:11)
  A troll (D:10)
  A hornet (D:8)
  A wyvern (D:9)
  A wraith (D:10)
  A hungry ghost (D:10)
  2 yaks
  3 hogs (D:9)
  A human (D:9)
  A water moccasin (D:11)
  5 porcupines (D:8)
  4 orc warriors
  2 ice beasts
  2 sky beasts
  4 black bears
  2 phantoms
  4 ogres
  A big kobold (D:9)
  2 bullfrogs
  3 scorpions
  6 killer bees (D:7)
  2 wights (D:11)
  8 crimson imps
  A centaur zombie (D:6)
  3 jellies
  10 hounds
  3 orc priests
  A centaur skeleton (D:8)
  Jessica (D:6)
  2 bullfrog skeletons
  3 iguanas
  6 orc wizards
  A worker ant (D:4)
  A hound zombie (D:8)
  A hound skeleton (D:6)
  A worker ant zombie (D:7)
  6 adders
  A howler monkey skeleton (D:8)
  4 shadow imps
  3 adder skeletons
  5 worms
  3 dart slugs
  5 leopard geckos
  33 orcs
  2 ball pythons
  5 bats
  4 giant cockroaches
  5 goblins
  3 hobgoblins
  4 jackals (D:5)
  11 kobolds
  4 quokkas
  6 frilled lizards
  A leopard gecko zombie (D:2)
  8 rats
  20 fungi (D:8)
  16 plants (D:8)
  A withered plant (D:2)
245 creatures vanquished.

Vanquished Creatures (others)
  3 fungi (D:8)
3 creatures vanquished.

Grand Total: 248 creatures vanquished

Notes
Turn   | Place    | Note
-------+----------+-------------------------------------------
     0 | D:1      | reganant000 the Minotaur Gladiator began the quest for the Orb.
     0 | D:1      | Reached XP level 1. HP: 18/18 MP: 0/0
   286 | D:1      | Reached skill level 4 in Axes
   286 | D:1      | Reached XP level 2. HP: 25/25 MP: 1/1
   739 | D:2      | Reached XP level 3. HP: 29/30 MP: 2/2
   928 | D:2      | Found a hazy altar of Hepliaklqana.
  1325 | D:3      | Reached XP level 4. HP: 38/38 MP: 3/3
  1330 | D:3      | Reached skill level 5 in Axes
  1330 | D:3      | Reached skill level 1 in Armour
  1925 | D:4      | Reached XP level 5. HP: 37/45 MP: 4/4
  2080 | D:4      | Reached skill level 6 in Axes
  2474 | D:5      | Entered Level 5 of the Dungeon
  2540 | D:5      | Noticed a phantom
  2578 | D:5      | Killed a phantom
  2578 | D:5      | Reached XP level 6. HP: 41/52 MP: 5/5
  2580 | D:5      | Found a staircase to the Ecumenical Temple.
  2603 | Temple   | Entered the Ecumenical Temple
  2801 | Temple   | Became a worshipper of Warmaster Okawaru
  2940 | D:5      | Reached skill level 7 in Axes
  3152 | D:5      | Found an iron altar of Okawaru.
  3635 | D:6      | Found a sparkling altar of Nemelex Xobeh.
  3635 | D:6      | Noticed Jessica
  3641 | D:6      | Killed Jessica
  3641 | D:6      | Reached XP level 7. HP: 59/59 MP: 6/6
  3673 | D:6      | Found Qixailup's Magic Scroll Boutique.
  3677 | D:6      | Bought 2 scrolls of identify for 56 gold pieces
  3677 | D:6      | Bought a scroll of enchant weapon for 105 gold pieces
  3677 | D:6      | Bought a scroll of identify for 28 gold pieces
  3725 | D:6      | Gained mutation: You are partially covered in thin metallic scales. (AC +2) [potion of mutation]
  3725 | D:6      | Gained mutation: Your movements are slightly less encumbered by armour. (ER -2) [potion of mutation]
  3725 | D:6      | Gained mutation: You are dopey. (Int -2) [potion of mutation]
  3739 | D:6      | Found a hide-covered altar of Uskayaw.
  3796 | D:6      | Reached * piety under Okawaru
  3822 | D:6      | Reached skill level 8 in Axes
  3905 | D:6      | Reached skill level 5 in Fighting
  3991 | D:6      | Reached skill level 5 in Dodging
  3991 | D:6      | Reached XP level 8. HP: 68/68 MP: 7/7
  4198 | D:6      | Reached skill level 5 in Armour
  4211 | D:6      | Found an opulent altar of Gozag.
  4229 | D:6      | Reached skill level 9 in Axes
  4490 | D:7      | Reached ** piety under Okawaru
  4637 | D:7      | Reached skill level 10 in Axes
  4745 | D:7      | Reached XP level 9. HP: 53/75 MP: 8/8
  5003 | D:8      | Gained mutation: You are resistant to hostile enchantments. (MR+) [mutagenic meat]
  5004 | D:8      | Gained mutation: You occasionally shout uncontrollably at your foes. [mutagenic meat]
  5005 | D:8      | Gained mutation: Armour fits poorly on your strangely shaped body. [mutagenic meat]
  5006 | D:8      | Gained mutation: You possess an exceptional clarity of mind. [mutagenic meat]
  5007 | D:8      | Gained mutation: You are covered in fur. (AC +1) [mutagenic meat]
  5030 | D:8      | Lost mutation: You possess an exceptional clarity of mind. [potion of cure mutation]
  5030 | D:8      | Lost mutation: You are dopey. (Int -2) [potion of cure mutation]
  5030 | D:8      | Lost mutation: You are resistant to hostile enchantments. (MR+) [potion of cure mutation]
  5030 | D:8      | Lost mutation: Armour fits poorly on your strangely shaped body. [potion of cure mutation]
  5050 | D:8      | Found a snail-covered altar of Cheibriados.
  5052 | D:8      | Noticed Faca's ghost (novice FoFi)
  5095 | D:8      | Killed Faca's ghost
  5095 | D:8      | Reached skill level 11 in Axes
  5126 | D:8      | Found a sacrificial altar of Ru.
  5129 | D:8      | Found a shimmering altar of Xom.
  5132 | D:8      | Found a stormy altar of Qazlal.
  5174 | D:8      | Reached *** piety under Okawaru
  5216 | D:8      | Found a staircase to the Lair.
  5282 | D:8      | Reached skill level 12 in Axes
  5398 | D:8      | Found a hazy altar of Hepliaklqana.
  5449 | D:8      | Reached **** piety under Okawaru
  5599 | D:8      | Reached XP level 10. HP: 88/88 MP: 9/9
  5809 | D:9      | Reached skill level 13 in Axes
  5998 | D:9      | Lost mutation: You occasionally shout uncontrollably at your foes. [mutagenic meat]
  6000 | D:9      | Gained mutation: Scrolls take you a little longer to read. [mutagenic meat]
  6001 | D:9      | Gained mutation: You are resistant to hostile enchantments. (MR+) [mutagenic meat]
  6551 | D:10     | Entered Level 10 of the Dungeon
  6701 | D:10     | Noticed a hill giant
  6713 | D:10     | Killed a hill giant
  6713 | D:10     | Reached ***** piety under Okawaru
  6742 | D:10     | Noticed a hill giant
  6760 | D:10     | Killed a hill giant
  6885 | D:10     | Received a gift from Okawaru
  7202 | D:11     | Found Peso's Food Shoppe.
  7209 | D:11     | Noticed a purple ugly thing
  7222 | D:11     | Killed a purple ugly thing
  7222 | D:11     | Reached skill level 14 in Axes
  7258 | D:11     | Reached XP level 11. HP: 89/97 MP: 10/10
  7284 | D:11     | Noticed Faca's ghost (journeyman FoFi)
  7316 | D:11     | Slain by Faca's ghost

Vault maps used:
D:1:      dpeg_arrival_boxes_within_box
D:2:      old_standard_altar, first_bread, serial_undead, serial_undead_f,
          serial_undead_d, serial_undead_d, serial_undead_f
D:4:      cheibrodos_quashed
D:5:      okawaru_trees_2
D:6:      nicolae_gozag_cash_rules_everything_around_me, serial_shops,
          kennysheep_mini_moat, basic_altar, grunt_decor_fettered,
          nemelex_lonely_heart_becter
D:8:      grunt_temple_overflow_cloverleaf, due_lair_maze_entry_diamond,
          basic_altar
D:9:      serial_glass, glass_columns_c, glass_columns_a, grunt_livestock,
          minmay_statues_item
D:11:     serial_shops, kennysheep_little_box, shop, shop,
          makhleb_altar_promises_db, uniq_erica
Temple:   regret_index_temple_generic_petals

Skill      XL: |  1  2  3  4  5  6  7  8  9 10 |
---------------+-------------------------------+-----
Axes           | 4 5 6 7 8 10 12 14 | 14.1
Fighting       | 3 4 5 6 7 9 |  9.5
Armour         | 1 2 3 4 6 7 8 |  8.3
Dodging        | 4 5 6 7 |  7.6
Throwing       | |  2.0

Action                   |  1- 3 |  4- 6 |  7- 9 | 10-12 || total
-------------------------+-------+-------+-------+-------++-------
Melee: War axe           |    69 |    89 |   332 |   177 ||   667
       Headbutt          |    14 |    17 |    85 |    41 ||   157
       Punch             |       |       |       |     1 ||     1
Invok: Heroism           |       |       |       |     3 ||     3
       Finesse           |       |       |       |     1 ||     1
  Use: Scroll            |     4 |     2 |     8 |       ||    14
       Potion            |     1 |     3 |     8 |       ||    12
  Eat: Bread ration      |       |     1 |       |       ||     1
       Meat ration       |       |     1 |       |       ||     1
       Chunk             |       |       |    11 |     4 ||    15
       Pizza             |       |       |       |     7 ||     7
Armor: Leather armour    |    12 |     1 |       |       ||    13
       Scale mail        |       |    31 |   120 |    42 ||   193
Dodge: Dodged            |    50 |    59 |   193 |   118 ||   420
